 Dungeon Crawl Stone Soup version 0.18-a0-1637-g109f206 (webtiles) character file.

163 namelastname112 the Insei (level 5, -3/45 HPs)
             Began as a Draconian Monk on Mar 27, 2016.
             Slain by an iguana (12 damage)
             ... on level 4 of the Dungeon.
             The game lasted 00:03:14 (2823 turns).

namelastname112 the Insei (Draconian Monk)          Turns: 2823, Time: 00:03:15

Health: -3/45      AC:  5    Str: 15    XL:     5   Next: 20%
Magic:  5/5        EV: 13    Int: 11    God:
Gold:   167        SH:  0    Dex: 14    Spells: 0 memorised, 4 levels left

rFire  . . .     SeeInvis .       - Unarmed
rCold  . . .     Gourm    .     (armour unavailable)
rNeg   . . .     Faith    .     (no shield)
rPois  .         Spirit   .     (helmet restricted)
rElec  .         Dismiss  .     (no cloak)
rCorr  .         Reflect  .     (no gloves)
SustAt .         Harm     +     (no boots)
MR     .....                    b - amulet of harm
Stlth  ++........               (no ring)
                                h - +2 ring of strength

@: not resistant to hostile enchantments, unstealthy
A: unfitting armour, cold-blooded, AC +5
a: no special abilities


You were on level 4 of the Dungeon.
You were hungry.

You visited 1 branch of the dungeon, and saw 4 of its levels.

You collected 167 gold pieces.

Inventory:

Jewellery
 b - an amulet of harm (around neck)
 h - a +2 ring of strength (left hand)
Scrolls
 d - a scroll of fear {unknown}
 e - 3 scrolls of identify {unknown}
 i - 2 scrolls of amnesia {unknown}
 l - 2 scrolls of immolation {unknown}
 m - 2 scrolls of enchant armour {unknown}
 n - a scroll of enchant weapon {unknown}
 o - a scroll of teleportation {unknown}
 u - a scroll of remove curse {unknown}
 x - 2 scrolls of noise {unknown}
Potions
 c - 2 potions of resistance {unknown}
 f - a potion of cancellation {unknown}
 g - 2 potions of agility {unknown}
 p - a potion of curing {unknown}
 s - 2 potions of magic {unknown}
 t - a potion of lignification {unknown}
 w - a potion of heal wounds {unknown}
Comestibles
 a - 3 bread rations
 j - 3 meat rations
 k - 2 beef jerkies
 q - 3 fruits
 r - a slice of pizza


   Skills:
 - Level 3.2 Fighting
 - Level 2.6 Dodging
 - Level 1.7 Stealth
 + Level 6.5 Unarmed Combat


You had 4 spell levels left.
You didn't know any spells.

Dungeon Overview and Level Annotations

Branches:
Dungeon (4/15)
 Temple: D:4-7

Altars:
Dithmenos
Kikubaaqudgha
Nemelex Xobeh
Pakellas
Qazlal
Xom


Innate Abilities, Weirdness & Mutations

Your plain brown scales are hard (AC +5).
Your body does not fit into most forms of armour.
You are cold-blooded and may be slowed by cold attacks.


Message History

You hit the iguana but do no damage.
The iguana is moderately wounded.
The iguana barely misses you.
You hit the iguana.
You tail-slap the iguana, but do no damage.
The iguana is heavily wounded.
The iguana bites you!
You closely miss the iguana.
The iguana is heavily wounded.
The iguana bites you.
* * * LOW HITPOINT WARNING * * *
You are too injured to fight recklessly!
You hit the iguana.
You tail-slap the iguana, but do no damage.
The iguana is heavily wounded.
The iguana bites you but does no damage.
You barely miss the iguana.
The iguana is heavily wounded.
The iguana bites you!
You die...

......# #....###........#
......# ##...............#
......# ##......#........#
.....######....###.........
..............## #........
.............#####........
..........................
.....##..................)
..#.............@........
................l.......
........####............
.....#### #...##.......
....## #..## .$..... #..#
....... #.. ....... #.
.......


You could see an iguana.

Vanquished Creatures
  A worker ant (D:4)
  A hound skeleton (D:4)
  A gnoll (D:1)
  4 adders
  2 oozes
  An adder skeleton (D:4)
  3 dart slugs
  A giant gecko (D:4)
  5 orcs (D:3)
  A ball python (D:2)
  2 giant cockroaches
  9 hobgoblins
  3 quokkas
  6 bats
  3 giant newts (D:3)
  3 goblins
  7 kobolds
  11 rats
64 creatures vanquished.

Notes
Turn   | Place    | Note
--------------------------------------------------------------
     0 | D:1      | namelastname112 the Draconian Monk began the quest for the Orb.
     0 | D:1      | Reached XP level 1. HP: 19/19 MP: 1/1
   102 | D:1      | Reached XP level 2. HP: 24/26 MP: 2/2
   453 | D:1      | Reached skill level 5 in Unarmed Combat
   453 | D:1      | Reached XP level 3. HP: 28/31 MP: 3/3
   923 | D:2      | Found a shadowy altar of Dithmenos.
  1186 | D:2      | Reached XP level 4. HP: 38/38 MP: 4/4
  1332 | D:2      | Found an oddly glowing altar of Pakellas.
  1378 | D:3      | Found a sparkling altar of Nemelex Xobeh.
  1639 | D:3      | Reached skill level 6 in Unarmed Combat
  1837 | D:3      | Found a stormy altar of Qazlal.
  2192 | D:4      | Found an ancient bone altar of Kikubaaqudgha.
  2203 | D:4      | Found a shimmering altar of Xom.
  2511 | D:4      | Reached XP level 5. HP: 45/45 MP: 5/5
  2823 | D:4      | Slain by an iguana

Vault maps used:
D:1:      dpeg_arrival_windows_large_door, minmay_vboxes
D:2:      nicolae_dithmenos_shadow_blocks, lemuel_coloured_pillars_altar
D:3:      overflow_temple_1_default, nemelex_xobeh_ov_fountains_minmay
D:4:      grunt_temple_overflow_open, serial_shops, kennysheep_mini_moat,
          first_bread, st_stairs_7

Skill      XL: |  1  2  3  4 |
---------------+-------------+-----
Unarmed Combat | 5 6 |  6.5
Fighting       | |  3.2
Dodging        | |  2.6
Stealth        | |  1.7

Action                   |  1- 3 |  4- 6 || total
-------------------------+-------+-------++-------
Melee: Unarmed           |    80 |    94 ||   174
 Stab: Sleeping          |     4 |     2 ||     6
  Eat: Chunk             |     1 |     4 ||     5
